[Event "Titled Tuesday Blitz May 24 Early 2022"]
[White "Kowalysko, Roman"]
[Black "Wagner, Dennis"]
[WhiteFideId "30918510"]
[BlackFideId "24650684"]
[WhiteElo "2185"]
[BlackElo "2355"]
[Result "0-1"]
[Round "07"]
[TimeControl "180+1"]
[Date "2022.05.25"]
[WhiteClock "0:00:27"]
[BlackClock "0:02:23"]

1. e4 c5 2. Nf3 d6 3. d4 cxd4 4. Nxd4 Nf6 5. Nc3 a6 6. Bg5 e6 7. f4 Nbd7 8. Qf3 Qc7 9. O-O-O b5 10. Qh3 Be7 11. Nxe6 fxe6 12. Qxe6 Nc5 13. Nd5 Nxe6 14. Nxc7+ Nxc7 15. Bxf6 gxf6 16. Be2 Bb7 17. Bf3 Rc8 18. e5 Bxf3 19. gxf3 dxe5 20. fxe5 fxe5 21. Rhe1 Bg5+ 22. Kb1 Bf4 23. Rd6 Ke7 24. Rc6 Rhd8 25. a3 Rd6 26. Rc3 Kd7 27. h3 Ne6 28. Rb3 Nd4 29. Rc3 Rxc3 30. bxc3 Nxf3 31. Rh1 Nd2+ 32. Kb2 Nc4+ 33. Kb3 Rd2 34. a4 Rf2 35. axb5 axb5 36. h4 Kc6 37. h5 Rf3 38. Rg1 Bd2 39. Rg7 Rxc3+ 40. Ka2 Ra3+ 41. Kb1 Bc3 42. Ra7 Rxa7 43. h6 Ra1# 0-1


[Site "https://www.chess.com"]

[Event "Titled Tuesday Blitz May 24 Early 2022"]
[White "Kozak, Antoni"]
[Black "Mekhitarian, Krikor Sevag"]
[WhiteFideId "21832030"]
[BlackFideId "2107660"]
[WhiteElo "2322"]
[BlackElo "2598"]
[Result "1-0"]
[Round "07"]
[TimeControl "180+1"]
[Date "2022.05.24"]
[WhiteClock "0:00:08"]
[BlackClock "0:00:02"]

1. Nf3 d5 2. e3 Nf6 3. c4 dxc4 4. Bxc4 e6 5. O-O c5 6. b3 a6 7. Bb2 b5 8. Be2 Bb7 9. d4 Nbd7 10. Nbd2 Be7 11. a4 bxa4 12. Rxa4 O-O 13. Qa1 cxd4 14. Bxd4 Nc5 15. Bxc5 Bxc5 16. Bxa6 Bc6 17. Ra2 Bb4 18. Rd1 Nd5 19. Nf1 Qb6 20. Ne5 Nc3 21. Rc1 Bd5 22. Nd7 Qd6 23. Nxf8 Nxa2 24. Qxa2 Kxf8 25. Rc8+ Rxc8 26. Bxc8 Qc7 27. Ba6 g6 28. Bc4 Bc6 29. Qe2 Kg7 30. Qd3 Be7 31. Ng3 Bf6 32. h3 Be5 33. Ne2 h5 34. Nd4 Bb7 35. Nf3 Bf6 36. Nd2 Qc6 37. f3 g5 38. Kf1 Qb6 39. Ke2 Qc7 40. Ne4 Be7 41. Qc3+ f6 42. Bxe6 Qb6 43. Bc4 Qc7 44. Qd4 Qh2 45. Kf1 Qc7 46. Nc3 Bc5 47. Qd3 Bd6 48. Nb5 1-0


[Site "https://www.chess.com"]

[Event "Titled Tuesday Blitz May 24 Early 2022"]
[White "Kvaloy, Aksel Bu"]
[Black "Navalgund, Niranjan"]
[WhiteFideId "1528815"]
[BlackFideId "5030854"]
[WhiteElo "2053"]
[BlackElo "2290"]
[Result "0-1"]
[Round "07"]
[TimeControl "180+1"]
[Date "2022.05.25"]
[WhiteClock "0:00:02"]
[BlackClock "0:00:20"]

1. e4 b6 2. d4 Bb7 3. Bd3 g6 4. f4 Bg7 5. Nf3 e6 6. O-O Ne7 7. Qe1 d6 8. Qh4 Nd7 9. c3 h6 10. Be3 c5 11. Nbd2 d5 12. exd5 Nxd5 13. Qxd8+ Rxd8 14. Rfe1 Nxe3 15. Rxe3 cxd4 16. cxd4 Nf6 17. Ne5 Nd5 18. Rf3 Nb4 19. Bb5+ Ke7 20. Rb3 Nc2 21. Rc1 Rc8 22. Rc3 Rxc3 23. bxc3 Ne3 24. Kf2 Nxg2 25. Bc6 Bxe5 26. Bxb7 Bxf4 27. Kxg2 Bxd2 28. Rc2 Bf4 29. Kf3 g5 30. Ke4 f5+ 31. Kf3 Rb8 32. Ba6 Rd8 33. Re2 Kf6 34. Bc4 Rd6 35. Bb3 Bc1 36. h3 g4+ 37. hxg4 fxg4+ 38. Kxg4 Bg5 39. Rf2+ Kg6 40. Re2 Kf7 41. Rf2+ Ke7 42. Kh5 Rc6 43. Re2 Rxc3 44. Rxe6+ Kd7 45. Rg6 Rd3 46. Rg7+ Kd6 47. Rxa7 Rxd4 48. Rb7 Rh4+ 49. Kg6 Kc5 50. Rc7+ Kd6 51. Rc2 Rh1 52. Re2 Rg1 53. Kf5 Bc1 54. Re6+ Kc5 55. Re5+ Kb4 56. Re4+ Ka5 57. Re5+ b5 58. Bc4 Rg5+ 59. Ke6 Rxe5+ 60. Kxe5 bxc4 61. Kd4 Kb4 62. a4 c3 63. a5 c2 64. Kd3 Kxa5 65. Kxc2 h5 66. Kd3 h4 0-1


[Site "https://www.chess.com"]

[Event "Titled Tuesday Blitz May 24 Early 2022"]
[White "Le, Tuan Minh"]
[Black "Srihari L R"]
[WhiteFideId "12401153"]
[BlackFideId "46617116"]
[WhiteElo "2450"]
[BlackElo "2121"]
[Result "1/2-1/2"]
[Round "07"]
[TimeControl "180+1"]
[Date "2022.05.24"]
[WhiteClock "0:01:29"]
[BlackClock "0:01:43"]

1. d4 Nf6 2. Nf3 e6 3. Bf4 c5 4. c3 b6 5. e3 Bb7 6. Nbd2 Be7 7. Bd3 d5 8. O-O O-O 9. Ne5 Nc6 10. Qf3 Nxe5 11. Bxe5 Nd7 12. Qh3 f5 13. Bf4 Nf6 14. Nf3 Ne4 15. Be5 Qe8 16. Rad1 Qg6 17. Rfe1 Bf6 18. Bf4 Qe8 19. Be5 Qg6 20. Nh4 Qh6 21. Nf3 Qg6 1/2-1/2


[Site "https://www.chess.com"]

[Event "Titled Tuesday Blitz May 24 Early 2022"]
[White "Leschinsky, Gary"]
[Black "Tasev, Dejan"]
[WhiteFideId "30951321"]
[BlackFideId "936618"]
[WhiteElo "1782"]
[BlackElo "2253"]
[Result "1-0"]
[Round "07"]
[TimeControl "180+1"]
[Date "2022.05.25"]
[WhiteClock "0:00:08"]
[BlackClock "0:00:18"]

1. d4 Nf6 2. c4 g6 3. Nc3 Bg7 4. e4 d6 5. Nge2 O-O 6. f3 c5 7. d5 a6 8. Ng3 b5 9. cxb5 axb5 10. Bxb5 Ba6 11. a4 Bxb5 12. Nxb5 Nbd7 13. O-O Ne8 14. Qe2 Nc7 15. Bg5 Nxb5 16. axb5 f6 17. Be3 Qc7 18. Rfc1 Qb7 19. Nf1 f5 20. Ra3 fxe4 21. fxe4 Nf6 22. Nd2 Qd7 23. h3 Rab8 24. Ra5 Rb7 25. Nc4 Nxe4 26. b6 Ng3 27. Qd2 Nf5 28. Bf2 Nd4 29. Qe3 Qf5 30. Ra7 Qxd5 31. Rxb7 Qxb7 32. Re1 Rf7 33. Qa3 Nc6 34. Ra1 Rf8 35. Qb3 d5 36. Na5 Nxa5 37. Rxa5 c4 38. Qb4 Qc6 39. Qc5 Qf6 40. Qxd5+ e6 41. Qd2 Rd8 42. Qe2 Qxb2 43. Qxb2 Bxb2 44. b7 Be5 45. Rxe5 Rb8 46. Rb5 c3 47. Be3 c2 48. Kf1 Kf7 49. Ke1 Ke7 50. Kd2 Kd7 51. Bf4 1-0


[Site "https://www.chess.com"]

[Event "Titled Tuesday Blitz May 24 Early 2022"]
[White "Li, Zhuoling"]
[Black "Vo, Thi Kim Phung"]
[WhiteFideId "8605629"]
[BlackFideId "12401838"]
[WhiteElo "2351"]
[BlackElo "2261"]
[Result "1-0"]
[Round "07"]
[TimeControl "180+1"]
[Date "2022.05.25"]
[WhiteClock "0:00:15"]
[BlackClock "0:00:02"]

1. e4 e6 2. d4 d5 3. e5 c5 4. c3 Nc6 5. Nf3 Bd7 6. Be2 Nge7 7. O-O Qb6 8. b3 cxd4 9. cxd4 Nf5 10. Bb2 Rc8 11. g4 Nfe7 12. Nc3 Na5 13. Rc1 h5 14. h3 hxg4 15. hxg4 Ng6 16. Qd2 Bb4 17. Kg2 Nc6 18. Rh1 Rxh1 19. Rxh1 Qa5 20. a3 Bxc3 21. Bxc3 Qxa3 22. Bd3 Nce7 23. Bb4 Qxb3 24. Bxe7 Kxe7 25. Qg5+ Kf8 26. Bxg6 fxg6 27. Qxg6 Be8 28. Rh8+ Ke7 29. Qxg7+ Kd8 30. Qf6+ Kc7 31. Qe7+ Kb6 32. Rxe8 Rc6 33. g5 Qd3 34. Qf6 Qe4 35. Kg3 a5 36. g6 a4 37. g7 a3 38. g8=Q a2 39. Rxe6 a1=Q 40. Rxc6+ 1-0


[Site "https://www.chess.com"]

[Event "Titled Tuesday Blitz May 24 Early 2022"]
[White "Liyanage, Ranindu Dilshan"]
[Black "Lazavik, Denis"]
[WhiteFideId "9915834"]
[BlackFideId "13515110"]
[WhiteElo "1858"]
[BlackElo "2437"]
[Result "1/2-1/2"]
[Round "07"]
[TimeControl "180+1"]
[Date "2022.05.24"]
[WhiteClock "0:00:08"]
[BlackClock "0:00:05"]

1. e4 c5 2. Nf3 e6 3. d4 cxd4 4. Nxd4 Nc6 5. Nc3 Qc7 6. Be3 a6 7. g4 b5 8. Nxc6 Qxc6 9. Qd2 b4 10. Ne2 Qxe4 11. Rg1 Qc4 12. Nf4 Qc7 13. O-O-O Nf6 14. Bg2 Bb7 15. g5 Ne4 16. Qd4 Nd6 17. Qxb4 Bxg2 18. Rxg2 Be7 19. Nh5 Nf5 20. Qb6 Qxb6 21. Bxb6 Rc8 22. Ba5 d5 23. Bc3 O-O 24. Rg4 Rfd8 25. Be5 Bd6 26. Bxd6 Rxd6 27. Ng3 Rdc6 28. c3 Nd6 29. Ne2 Ne4 30. Rg2 a5 31. f3 Nd6 32. Nd4 Rc4 33. f4 a4 34. a3 g6 35. h4 Nf5 36. Nxf5 gxf5 37. Rf2 d4 38. h5 dxc3 39. Rd7 R4c7 40. Rxc7 Rxc7 41. Rc2 cxb2+ 42. Kxb2 Rxc2+ 43. Kxc2 h6 44. Kd3 e5 45. Ke3 Kg7 46. Kf3 Kg8 47. Ke3 Kf8 48. Kf3 Kg7 49. Ke3 e4 50. Kd4 Kh7 51. Ke3 Kg8 52. Kd4 Kg7 53. Ke3 Kf8 54. Kd4 Ke7 55. Ke3 Kf8 56. Kd4 Kg7 57. Ke3 hxg5 58. fxg5 f6 59. g6 Kh6 60. Kf4 Kg7 61. Ke3 Kh6 62. Kf4 Kg7 63. Ke3 1/2-1/2


[Site "https://www.chess.com"]

[Event "Titled Tuesday Blitz May 24 Early 2022"]
[White "Lutz, Igor Oscar"]
[Black "Shton, Roman"]
[WhiteFideId "2110806"]
[BlackFideId "14137461"]
[WhiteElo "1724"]
[BlackElo "2013"]
[Result "0-1"]
[Round "07"]
[TimeControl "180+1"]
[Date "2022.05.25"]
[WhiteClock "0:02:27"]
[BlackClock "0:02:31"]

1. d4 d5 2. c4 e6 3. Nf3 Nf6 4. g3 dxc4 5. Qa4+ Nbd7 6. Qxc4 a6 7. Bg2 b5 8. Qc6 Rb8 9. O-O Bb7 10. Qc2 c5 11. Rd1 Qb6 12. Bf4 Rc8 13. dxc5 Bxc5 14. Nc3 Bxf2+ 15. Kh1 b4 16. Na4 Rxc2 17. Nxb6 Bxb6 0-1


[Site "https://www.chess.com"]

[Event "Titled Tuesday Blitz May 24 Early 2022"]
[White "Maghsoodloo, Parham"]
[Black "Sokolovsky, Yahli"]
[WhiteFideId "12539929"]
[BlackFideId "2820242"]
[WhiteElo "2630"]
[BlackElo "1770"]
[Result "1-0"]
[Round "07"]
[TimeControl "180+1"]
[Date "2022.05.24"]
[WhiteClock "0:01:19"]
[BlackClock "0:00:03"]

1. e4 g6 2. d4 Bg7 3. Nc3 d6 4. h4 h5 5. Nf3 Nc6 6. Be3 Nf6 7. d5 Nb8 8. Ng5 c5 9. dxc6 Nxc6 10. Bc4 O-O 11. f3 Ne5 12. Bb3 Bd7 13. Qe2 a6 14. O-O-O b5 15. g4 hxg4 16. f4 Nc4 17. h5 Nxh5 18. f5 Qa5 19. Bd4 Bxd4 20. Rxd4 Rfc8 21. Nd5 Qd8 22. Qxg4 Na5 23. Rxh5 Nxb3+ 24. axb3 Rxc2+ 25. Kxc2 Rc8+ 26. Kb1 Qa5 27. Rh8+ 1-0


[Site "https://www.chess.com"]

[Event "Titled Tuesday Blitz May 24 Early 2022"]
[White "Makhnev, Denis"]
[Black "Ozkan, Ervin"]
[WhiteFideId "13707647"]
[BlackFideId "6306004"]
[WhiteElo "2501"]
[BlackElo "2226"]
[Result "1-0"]
[Round "07"]
[TimeControl "180+1"]
[Date "2022.05.24"]
[WhiteClock "0:00:06"]
[BlackClock "0:00:01"]

1. d4 d5 2. c4 c6 3. Nf3 Nf6 4. Qb3 dxc4 5. Qxc4 Bf5 6. g3 e6 7. Bg2 Nbd7 8. O-O Bd6 9. Qb3 Qb6 10. Nbd2 Qxb3 11. axb3 O-O 12. Nc4 Bc7 13. Bf4 Bxf4 14. gxf4 Nd5 15. e3 a6 16. Nd6 Bd3 17. Rfd1 Be2 18. Rd2 Bxf3 19. Bxf3 Rab8 20. f5 Rfd8 21. fxe6 fxe6 22. Bg4 Nf8 23. Nc4 Nf6 24. Bh3 Rbc8 25. Rad1 Rc7 26. f3 Kf7 27. Kf2 Ke7 28. Bf1 c5 29. dxc5 Rxd2+ 30. Rxd2 Rxc5 31. e4 N8d7 32. Ke3 e5 33. Nd6 Rc6 34. Nxb7 Rb6 35. Na5 Nc5 36. Bc4 g5 37. h4 g4 38. Rg2 h5 39. f4 exf4+ 40. Kxf4 Nfxe4 41. Re2 Rf6+ 42. Ke5 g3 43. Bd5 Rf2 44. Re1 g2 45. Rg1 Re2 46. Nc6+ Kd7 47. Nd4 Rf2 48. Bxe4 Nxe4 49. Kxe4 Rxb2 50. Kf3 Rd2 51. Nf5 Rd3+ 52. Ne3 Rxb3 53. Rxg2 Rb4 54. Nf5 a5 55. Rg6 a4 56. Ra6 Rb3+ 57. Kf4 a3 58. Kg5 Rf3 59. Ng7 Rg3+ 60. Kh6 Rg4 61. Nf5 Rf4 62. Kg5 1-0


[Site "https://www.chess.com"]

[Event "Titled Tuesday Blitz May 24 Early 2022"]
[White "Maksimenko, Viktor"]
[Black "Samadov, Read"]
[WhiteFideId "13710478"]
[BlackFideId "13417444"]
[WhiteElo "2579"]
[BlackElo "2770"]
[Result "0-1"]
[Round "07"]
[TimeControl "180+1"]
[Date "2022.05.25"]
[WhiteClock "0:00:05"]
[BlackClock "0:00:28"]

1. d4 Nf6 2. c4 e6 3. Nf3 d5 4. g3 Bb4+ 5. Bd2 Be7 6. Bg2 O-O 7. Qc2 c6 8. h4 b6 9. Nc3 Ba6 10. Ne5 Bxc4 11. Nxc4 dxc4 12. Rd1 Nd5 13. Ne4 b5 14. Ng5 g6 15. a3 Nd7 16. e4 N5f6 17. Bc3 Ng4 18. Qe2 h5 19. Nh3 Qb6 20. Nf4 e5 21. dxe5 Ndxe5 22. f3 Rad8 23. Rxd8 Rxd8 24. fxg4 Nxg4 25. Bf3 Ne3 26. Ng2 Rd3 27. Nf4 Nc2+ 28. Qxc2 Rxf3 29. Qg2 Qe3+ 30. Ne2 Bc5 31. Rf1 Rxf1+ 32. Kxf1 a5 33. Qh3 Qf3+ 34. Ke1 Bf2+ 35. Kd1 Qd3+ 36. Bd2 Be3 37. Ke1 Qxd2+ 38. Kf1 Qd1+ 39. Kg2 Qxe2+ 40. Kh1 Qe1+ 41. Qf1 Qxf1+ 0-1


[Site "https://www.chess.com"]

[Event "Titled Tuesday Blitz May 24 Early 2022"]
[White "Manukian, Artak"]
[Black "Barria Zuniga, Daniel"]
[WhiteFideId "13301373"]
[BlackFideId "3400816"]
[WhiteElo "2524"]
[BlackElo "2414"]
[Result "1/2-1/2"]
[Round "07"]
[TimeControl "180+1"]
[Date "2022.05.25"]
[WhiteClock "0:01:11"]
[BlackClock "0:00:54"]

1. e4 e6 2. d4 d5 3. e5 c5 4. c3 Nc6 5. Nf3 Bd7 6. a3 Qc7 7. Bd3 f6 8. exf6 gxf6 9. O-O O-O-O 10. b4 c4 11. Bc2 Bd6 12. Re1 h5 13. Nbd2 h4 14. Nf1 Nge7 15. a4 Rdg8 16. b5 Na5 17. Ba3 Bxa3 18. Rxa3 Qd6 19. Ra2 Kc7 20. Kh1 b6 21. Ne3 Be8 22. Qc1 Bg6 23. Qa3 Qxa3 24. Rxa3 Bxc2 25. Nxc2 Kd6 26. Ne3 Ng6 27. Ng4 Nf4 28. h3 Rg6 29. Rg1 Nb3 30. Ra2 Nd3 31. Re2 1/2-1/2


[Site "https://www.chess.com"]

[Event "Titled Tuesday Blitz May 24 Early 2022"]
[White "Martin Carmona, Gaston Manuel"]
[Black "Agasarov, Benik"]
[WhiteFideId "22284567"]
[BlackFideId "13314823"]
[WhiteElo "2162"]
[BlackElo "2612"]
[Result "1-0"]
[Round "07"]
[TimeControl "180+1"]
[Date "2022.05.25"]
[WhiteClock "0:00:13"]
[BlackClock "0:00:04"]

1. d4 Nf6 2. c4 e6 3. Nc3 Bb4 4. Qc2 d5 5. cxd5 exd5 6. Bg5 c5 7. e3 Nc6 8. a3 Bxc3+ 9. bxc3 O-O 10. Nf3 h6 11. Bh4 Re8 12. Be2 Bg4 13. O-O Bh5 14. Qb2 b6 15. Bb5 Re6 16. Bxc6 Rxc6 17. Ne5 Re6 18. f3 g5 19. Bg3 Nd7 20. Nxd7 Qxd7 21. Qd2 Rae8 22. Rfe1 c4 23. a4 f5 24. a5 b5 25. Be5 a6 26. f4 Rg6 27. Qf2 Kh7 28. Reb1 Reg8 29. g3 Bg4 30. Kf1 Qe7 31. Ke1 h5 32. fxg5 Qxg5 33. Kd2 Re6 34. Rg1 Rge8 35. Qf4 Qxf4 36. gxf4 Rg8 37. Kc2 Reg6 38. h4 Kh6 39. Kb2 Re6 40. Ka3 Kg6 41. Kb4 Kf7 42. Raf1 Ke8 43. e4 dxe4 44. d5 Reg6 45. Kc5 Kd7 46. d6 Rc8+ 47. Kb6 Rc6+ 48. Kb7 Rg8 49. Rd1 e3 50. Rde1 Rc5 51. Rg3 Rcc8 52. Kxa6 Rb8 53. Rexe3 Kc6 54. Bd4 Ra8+ 55. Ba7 Rg7 56. Re7 Rxe7 57. dxe7 Kd7 58. Kb7 Re8 59. Bb8 Rxe7 60. a6 Ke6+ 61. Kb6 Kf7 62. a7 Bf3 63. Rxf3 Re6+ 64. Kb7 Re7+ 65. Bc7 b4 66. cxb4 c3 67. Rxc3 Re4 68. b5 Rb4 69. b6 Ra4 70. a8=Q Rxa8 71. Kxa8 Ke6 72. b7 Kd5 73. b8=Q Ke4 74. Qb4+ Kd5 75. Qc4# 1-0


[Site "https://www.chess.com"]

[Event "Titled Tuesday Blitz May 24 Early 2022"]
[White "Matinian, Nikita"]
[Black "Riehle, Marco"]
[WhiteFideId "24129100"]
[BlackFideId "12904392"]
[WhiteElo "2422"]
[BlackElo "2462"]
[Result "0-1"]
[Round "07"]
[TimeControl "180+1"]
[Date "2022.05.24"]
[WhiteClock "0:00:02"]
[BlackClock "0:00:53"]

1. e4 e5 2. Nf3 Nf6 3. Nxe5 Nxe4 4. Qe2 Qe7 5. Qxe4 d6 6. d4 dxe5 7. dxe5 Nc6 8. Nc3 Qxe5 9. Bb5 Qxe4+ 10. Nxe4 Bd7 11. Bg5 f6 12. Bh4 O-O-O 13. O-O-O Be7 14. Rhe1 a6 15. Ba4 Rhe8 16. f3 g5 17. Bf2 f5 18. Nc5 Bd6 19. Nxd7 Kxd7 20. g3 h5 21. Bb3 g4 22. f4 Re7 23. c3 h4 24. Bc2 Rf8 25. gxh4 Rxe1 26. Bxe1 Ne7 27. Bg3 Kc6 28. Re1 Nd5 29. Re6 Kd7 30. Rg6 Bxf4+ 31. Kb1 Bd6 32. Bxd6 cxd6 33. h5 f4 34. Rxg4 f3 35. Rg7+ Kc6 36. Bd3 f2 37. a4 f1=Q+ 38. Bxf1 Rxf1+ 39. Ka2 Rf2 40. h6 Rxh2 41. h7 Nxc3+ 42. Ka3 Nd5 43. b4 Nf6 44. b5+ axb5 45. axb5+ Kb6 46. Ka4 Rh4+ 47. Kb3 Rxh7 48. Rg6 Rh3+ 49. Kb4 Rh4+ 50. Kb3 Rf4 51. Ka3 Kxb5 0-1


[Site "https://www.chess.com"]

[Event "Titled Tuesday Blitz May 24 Early 2022"]
[White "Mestnikov, Aisen"]
[Black "De Souza, Cristiano Gomes"]
[WhiteFideId "34130117"]
[BlackFideId "2151758"]
[WhiteElo "2027"]
[BlackElo "2068"]
[Result "1-0"]
[Round "07"]
[TimeControl "180+1"]
[Date "2022.05.25"]
[WhiteClock "0:00:06"]
[BlackClock "0:00:59"]

1. d4 Nf6 2. c4 g6 3. Nf3 Bg7 4. Nc3 d6 5. e4 O-O 6. Be2 e5 7. dxe5 dxe5 8. Qxd8 Rxd8 9. Bg5 Re8 10. O-O-O c6 11. Nxe5 Nxe4 12. Nxe4 Bxe5 13. Nf6+ Bxf6 14. Bxf6 Nd7 15. Bc3 Nc5 16. Rhe1 h5 17. b4 Ne4 18. Bf3 Bf5 19. Bd4 b6 20. Be3 Rad8 21. Kb2 Rxd1 22. Rxd1 Nf6 23. Bxc6 Rc8 24. Bb5 Be6 25. c5 bxc5 26. Bxc5 a5 27. a3 axb4 28. axb4 Nd5 29. Be2 Rb8 30. Rd4 Kg7 31. Bf3 Nb6 32. Bxb6 Rxb6 33. Kc3 Kf6 34. Bd5 Bf5 35. Rc4 Kg7 36. Rc7 Rf6 37. b5 Be6 38. Bxe6 Rxe6 39. Kc4 Re1 40. b6 Rb1 41. b7 Kf6 42. Kc5 Ke6 43. Rc6+ Kd7 44. Rb6 Rc1+ 45. Kd4 Rd1+ 46. Ke3 Ke7 47. b8=Q Rd7 48. Qe5+ Kf8 49. Rb8+ 1-0


[Site "https://www.chess.com"]

[Event "Titled Tuesday Blitz May 24 Early 2022"]
[White "Miszler, Levente"]
[Black "Richter, Nils"]
[WhiteFideId "763276"]
[BlackFideId "12990809"]
[WhiteElo "1966"]
[BlackElo "2243"]
[Result "0-1"]
[Round "07"]
[TimeControl "180+1"]
[Date "2022.05.25"]
[WhiteClock "0:00:04"]
[BlackClock "0:00:31"]

1. Nf3 c5 2. e3 g6 3. d4 Bg7 4. dxc5 Qa5+ 5. c3 Qxc5 6. Bd3 Nf6 7. O-O O-O 8. e4 d6 9. Be3 Qh5 10. Nbd2 Nc6 11. h3 Bxh3 12. gxh3 Qxh3 13. Re1 Ng4 14. Bf1 Qh5 15. Bg2 Nce5 16. Nf1 Nxe3 17. Rxe3 Nc4 18. Re1 Nxb2 19. Qc2 Nc4 20. Ne3 Rac8 21. Qd3 Nxe3 22. Qxe3 Bxc3 23. Qxa7 Bxa1 24. Rxa1 Qb5 25. a4 Qb2 26. Re1 Rc1 27. Qa5 Qc3 28. Qxc3 Rxc3 29. Rb1 Ra3 30. Rxb7 Rxa4 31. Rxe7 Rfa8 32. Ng5 R8a7 33. Re8+ Kg7 34. Rd8 h6 35. Nf3 R7a6 36. e5 dxe5 37. Nxe5 Re6 38. Nf3 Ra1+ 39. Kh2 Re2 40. Kg3 Raa2 41. Bf1 Rxf2 42. Bc4 Rac2 43. Bb3 Rb2 44. Bd5 Rg2+ 45. Kh3 g5 46. Ne5 Rh2+ 47. Kg3 Rhd2 48. Nxf7 Rxd5 49. Rxd5 Kxf7 50. Rd6 Kg7 51. Kg4 Rb4+ 52. Kf5 Rf4+ 53. Ke5 h5 54. Rd7+ Rf7 55. Rd6 h4 56. Rd4 Kg6 57. Rd6+ Kh5 58. Ke4 h3 59. Rd8 Kg4 0-1


[Site "https://www.chess.com"]

[Event "Titled Tuesday Blitz May 24 Early 2022"]
[White "Mohota, Nisha"]
[Black "Piliczewski, Bogusz"]
[WhiteFideId "5004330"]
[BlackFideId "1104144"]
[WhiteElo "2117"]
[BlackElo "1896"]
[Result "1/2-1/2"]
[Round "07"]
[TimeControl "180+1"]
[Date "2022.05.25"]
[WhiteClock "0:00:07"]
[BlackClock "0:00:01"]

1. e3 d5 2. c4 c6 3. Nc3 Nf6 4. Nf3 Bf5 5. Be2 e6 6. b3 h6 7. Bb2 Be7 8. O-O O-O 9. d4 Nbd7 10. Rc1 a6 11. c5 Qb8 12. b4 Bd8 13. Bd3 Bxd3 14. Qxd3 Bc7 15. Ne2 e5 16. dxe5 Nxe5 17. Nxe5 Bxe5 18. Bxe5 Qxe5 19. h3 Ne4 20. Nc3 f5 21. Qd4 Qxd4 22. exd4 Rae8 23. Na4 Nd2 24. Rfe1 Nc4 25. Nb6 Nxb6 26. cxb6 Kf7 27. Re5 Rxe5 28. dxe5 f4 29. a4 Ke6 30. b5 axb5 31. axb5 Kxe5 32. bxc6 bxc6 33. Rxc6 Rb8 34. Kf1 d4 35. Ke2 Rb7 36. Kd3 Kd5 37. Rg6 Kc5 38. h4 Rf7 39. h5 Kd5 40. f3 Re7 41. Kd2 Kc5 42. Kd3 Kd5 43. Kd2 Kc5 44. Kc2 Kd5 45. Kd2 1/2-1/2


[Site "https://www.chess.com"]

[Event "Titled Tuesday Blitz May 24 Early 2022"]
[White "Molina, Roberto Junio Brito"]
[Black "Melikyan, Gnel"]
[WhiteFideId "2109450"]
[BlackFideId "54109990"]
[WhiteElo "2789"]
[BlackElo "2599"]
[Result "1-0"]
[Round "07"]
[TimeControl "180+1"]
[Date "2022.05.25"]
[WhiteClock "0:01:38"]
[BlackClock "0:01:48"]

1. d4 Nf6 2. c4 g6 3. Nc3 Bg7 4. e4 d6 5. f3 O-O 6. Be3 c5 7. dxc5 dxc5 8. Qxd8 Rxd8 9. Bxc5 Nc6 10. Nd5 e6 11. Ne7+ Nxe7 12. Bxe7 Re8 13. Ba3 Nd7 14. O-O-O b6 15. Ne2 Ne5 16. Nd4 Ba6 17. b3 Rac8 18. Kb1 Red8 19. Be2 Nxc4 20. Bxc4 Bxc4 21. Nc6 Re8 22. Ne7+ Rxe7 23. Bxe7 Bb5 24. Rd8+ Rxd8 25. Bxd8 Bd3+ 26. Kc1 Bh6+ 27. Kb2 Bg7+ 28. Kc1 Bh6+ 29. Kd1 Bb1 30. a4 f5 31. exf5 gxf5 32. Bc7 Kf7 33. Be5 Be3 34. Re1 Bc5 35. Kd2 Ba2 36. Kc2 1-0


[Site "https://www.chess.com"]

[Event "Titled Tuesday Blitz May 24 Early 2022"]
[White "Nakamura, Hikaru"]
[Black "Andreikin, Dmitry"]
[WhiteFideId "2016192"]
[BlackFideId "4158814"]
[WhiteElo "2850"]
[BlackElo "2736"]
[Result "1-0"]
[Round "07"]
[TimeControl "180+1"]
[Date "2022.05.24"]
[WhiteClock "0:00:41"]
[BlackClock "0:00:08"]

1. e4 c5 2. Nf3 e6 3. c3 d5 4. exd5 Qxd5 5. d4 Nf6 6. Na3 Qd8 7. Be3 Nd5 8. Nc2 Nxe3 9. fxe3 Nc6 10. Bd3 g6 11. O-O Bh6 12. dxc5 O-O 13. Be4 Qc7 14. Qd6 Qxd6 15. cxd6 Bd7 16. Rad1 Rad8 17. Kf2 f5 18. Bxc6 Bxc6 19. Ne5 Be4 20. Na3 f4 21. Nac4 b5 22. Ng4 Bg5 23. Nce5 h5 24. Rd4 fxe3+ 25. Ke2 Rxf1 26. Kxf1 Bb7 27. h4 Rf8+ 28. Ke2 Bxh4 29. Nh6+ Kg7 30. Rxh4 Kxh6 31. d7 Kg7 32. Rf4 Rd8 33. Rf7+ Kh6 34. Re7 Kg5 35. Nf7+ Kf6 36. Nxd8 Kxe7 37. Nxb7 Kxd7 38. Kxe3 Kc6 39. Nd8+ Kd5 40. Nf7 a5 41. Kf4 a4 42. b3 a3 43. Ke3 e5 44. Ng5 h4 45. Nf3 1-0


[Site "https://www.chess.com"]

[Event "Titled Tuesday Blitz May 24 Early 2022"]
[White "Namitbir Singh Walia"]
[Black "Ronka, Erik"]
[WhiteFideId "35071068"]
[BlackFideId "505080"]
[WhiteElo "1565"]
[BlackElo "2264"]
[Result "0-1"]
[Round "07"]
[TimeControl "180+1"]
[Date "2022.05.25"]
[WhiteClock "0:00:06"]
[BlackClock "0:00:35"]

1. d4 d5 2. c4 e6 3. Nf3 a6 4. g3 dxc4 5. Bg2 b5 6. Ne5 c6 7. Nxc6 Qb6 8. Nxb8 Rxb8 9. O-O Bb7 10. e4 Nf6 11. Re1 Rd8 12. d5 Bc5 13. Qe2 O-O 14. Bg5 e5 15. Nd2 h6 16. Be3 Nd7 17. a4 Bd4 18. Ra2 Nc5 19. axb5 axb5 20. Nf3 Rfe8 21. Nxd4 exd4 22. Bxd4 Bxd5 23. Qe3 Rc8 24. Rea1 Bb7 25. Ra7 Bd5 26. R7a6 Qxa6 27. Rxa6 Nxa6 28. Qa3 Bb7 29. Qa5 Rcd8 30. Qxb5 Re7 31. Bb6 Rd1+ 32. Bf1 Rxe4 33. f3 Ree1 34. Qxc4 Rxf1+ 35. Qxf1 Rxf1+ 36. Kxf1 f6 0-1


[Site "https://www.chess.com"]

[Event "Titled Tuesday Blitz May 24 Early 2022"]
[White "Nguyen, Quoc Hy"]
[Black "Hua, Lefong"]
[WhiteFideId "12410853"]
[BlackFideId "2602253"]
[WhiteElo "1938"]
[BlackElo "2632"]
[Result "1-0"]
[Round "07"]
[TimeControl "180+1"]
[Date "2022.05.25"]
[WhiteClock "0:00:09"]
[BlackClock "0:00:02"]

1. d4 Nf6 2. c4 g6 3. Nc3 Bg7 4. e4 d6 5. Be2 O-O 6. Nf3 Bg4 7. O-O Nfd7 8. Ne1 Bxe2 9. Nxe2 c5 10. Be3 cxd4 11. Bxd4 Bxd4 12. Nxd4 Nc6 13. Nec2 Nxd4 14. Qxd4 Qb6 15. Rfd1 Qxd4 16. Rxd4 Rac8 17. Ne3 Nf6 18. Nd5 Nxd5 19. exd5 Rc7 20. Re1 Rfc8 21. b3 a6 22. a4 b6 23. f4 h5 24. Kf2 Kf8 25. Kf3 Rc5 26. f5 gxf5 27. Kf4 b5 28. cxb5 axb5 29. a5 b4 30. Ra1 Ra8 31. a6 Rb5 32. Kxf5 Rb6 33. a7 Rb7 34. Kg5 Raxa7 35. Rxa7 Rxa7 36. Rxb4 Kg7 37. Kxh5 Ra5 38. Rd4 e6 39. b4 Rb5 40. Kg5 e5 41. Rg4 Rxd5 42. Kf5+ Kf8 43. h4 Rd2 44. h5 Rf2+ 45. Kg5 Kg7 46. b5 Rb2 47. h6+ Kh7 48. Kh5 Rxb5 49. Rg7+ Kh8 50. Rxf7 d5 51. g4 d4 52. g5 e4 53. Kg6 Rb6+ 54. Rf6 Rb8 55. Rd6 d3 56. Rd4 Re8 57. Kf7 1-0


[Site "https://www.chess.com"]

[Event "Titled Tuesday Blitz May 24 Early 2022"]
[White "Nilsen, Tobias Lang"]
[Black "Haas, Michael"]
[WhiteFideId "1521624"]
[BlackFideId "1629514"]
[WhiteElo "2014"]
[BlackElo "1982"]
[Result "0-1"]
[Round "07"]
[TimeControl "180+1"]
[Date "2022.05.25"]
[WhiteClock "0:00:39"]
[BlackClock "0:00:11"]

1. f4 d5 2. Nf3 Nf6 3. g3 e6 4. Bg2 Be7 5. O-O b6 6. d3 Bb7 7. Nc3 c5 8. e4 Nc6 9. Qe1 Qc7 10. Bd2 a6 11. f5 O-O-O 12. fxe6 fxe6 13. Bf4 e5 14. Bd2 d4 15. Nd5 Nxd5 16. exd5 Rxd5 17. Ng5 Bxg5 18. Bxd5 Bxd2 19. Qxd2 Qd6 20. Be4 Ne7 21. Bxb7+ Kxb7 22. Rf7 Kc6 23. Raf1 Nd5 24. c4 Ne3 25. Qf2 b5 26. Qf3+ Kb6 27. Qb7+ Ka5 28. Rd7 Qg6 29. Qc7+ Qb6 30. Qxb6+ Kxb6 31. Rff7 bxc4 32. dxc4 Nxc4 33. Rxg7 e4 34. Rxh7 Rf8 35. Rhf7 Rxf7 36. Rxf7 d3 37. Kf1 e3 38. Rd7 d2 39. Ke2 Nxb2 40. h4 c4 41. Rxd2 exd2 42. Kxd2 Nd3 43. h5 Ne5 44. h6 Ng6 45. Kc3 Kc5 46. g4 a5 47. Kd2 Kd4 48. Kc2 c3 49. g5 Kc4 50. Kc1 Kd3 51. Kd1 c2+ 52. Kc1 a4 53. a3 Kc3 54. h7 Kb3 55. Kd2 Kb2 56. Ke3 c1=Q+ 57. Ke4 Qxg5 58. h8=Q+ Nxh8 59. Kd4 Qg3 60. Kc4 Qxa3 61. Kd5 Qb3+ 62. Kd6 a3 63. Ke7 a2 64. Kf8 a1=R 65. Kg7 Ra4 66. Kxh8 Qb5 67. Kg7 Ra6 68. Kf8 Qb7 69. Ke8 Ra8# 0-1


[Site "https://www.chess.com"]